 Dungeon Crawl Stone Soup version 0.29.1-2-gbd0b4ee654 (webtiles) character file.

Game seed: 2995807577601860750

1276 cdecastro the Martial Artist (level 8, -2/48 HPs)
             Began as an Octopode Transmuter on Nov 13, 2022.
             Was a Priest of Kikubaaqudgha.
             Slain by a sky beast (5 damage)
             ... on level 7 of the Dungeon.
             The game lasted 00:12:08 (5338 turns).

cdecastro the Martial Artist (Octopode Transmuter)  Turns: 5338, Time: 00:12:08

Health: -2/48      AC:  1    Str:  9    XL:     8   Next: 54%
Magic:  11/11      EV: 17    Int: 18    God:    Kikubaaqudgha [***...]
Gold:   216        SH:  0    Dex: 12    Spells: 5/11 levels left

rFire   + . .      SeeInvis .     - Unarmed
rCold   . . .      Faith    .   (no shield)
rNeg    . . .      Spirit   .   (helmet currently unavailable)
rPois   +          Reflect  .   (no amulet)
rElec   .          Harm     .   k - +4 ring of evasion
rCorr   .          Rampage  .   u - ring of protection from fire
Will    .....                   B - ring of poison resistance
Stlth   ++........              (no ring)
HPRegen 0.16/turn               (no ring)
MPRegen 0.12/turn               (no ring)
                                (no ring)
                                (no ring)

@: appendages (expiring)
A: tentacle spike 3, almost no armour, amphibious, 8 rings, camouflage 1,
gelatinous body 1, (nimble swimmer 1), tentacles
a: End Transformation, Renounce Religion, Unearth Wretches


You were on level 7 of the Dungeon.
You worshipped Kikubaaqudgha.
Kikubaaqudgha was most pleased with you.
One of your tentacles had grown a beastly spike.
You visited 2 branches of the dungeon, and saw 8 of its levels.

You collected 276 gold pieces.
You spent 60 gold pieces at shops.

Inventory:

Missiles
 e - 36 stones
 g - 13 poisoned darts
 j - 5 javelins
 q - 4 atropa-tipped darts
 y - a boomerang
Armour
 z - a +1 hat (melded)
Jewellery
 k - a +4 ring of evasion (left tentacle)
 u - a ring of protection from fire (right tentacle)
 B - a ring of poison resistance (on tentacle)
Scrolls
 c - a scroll of immolation {unknown}
 f - 2 scrolls of teleportation {unknown}
 h - 3 scrolls of brand weapon {unknown}
 i - a scroll of butterflies {unknown}
 o - 3 scrolls of identify {unknown}
 r - 2 scrolls of noise {unknown}
 s - 2 scrolls of enchant armour {unknown}
 t - a scroll of poison {unknown}
 v - a scroll of amnesia {unknown}
 x - a scroll of enchant weapon {unknown}
 A - a scroll of blinking {unknown}
Potions
 a - 4 potions of lignification
 b - 8 potions of curing {unknown}
 d - 4 potions of brilliance {unknown}
 l - a potion of flight {unknown}
 m - 2 potions of attraction {unknown}
 n - a potion of heal wounds
 p - 3 potions of magic {unknown}
 w - a potion of might {unknown}


   Skills:
 - Level 1.0 Fighting
 - Level 2.0 Dodging
 * Level 8.8 Unarmed Combat
 - Level 2.0 Spellcasting
 + Level 6.0 Transmutations


You had 5 spell levels left.
You knew the following spells:

 Your Spells              Type           Power      Damage    Failure   Level
a - Beastly Appendage     Tmut           46%        N/A       1%          1
b - Wereblood             Tmut           23%        N/A       2%          2
c - Spider Form           Tmut/Pois      12%        N/A       16%         3

Your spell library contained the following spells:

 Spells                   Type           Power      Damage    Failure   Level
 Necrotise                Necr           4%         1d4       19%         1
 Ignite Poison            Fire/Tmut/Pois 9%         N/A       24%         3
 Blink                    Tloc           2%         N/A       26%         2
 Sublimation of Blood     Necr           1%         N/A       26%         2
 Ice Form                 Ice/Tmut       12%        N/A       45%         4
 Mephitic Cloud           Conj/Pois/Air  1%         N/A       47%         3
 Portal Projectile        Hex/Tloc       2%         N/A       47%         3
 Vampiric Draining        Necr           1%         2d6       47%         3
 Animate Dead             Necr           1%         N/A       87%         4
 Corpse Rot               Necr/Pois/Air  1%         N/A       87%         4
 Dispel Undead            Necr           1%         3d6       87%         4
 Passage of Golubria      Tloc           1%         N/A       87%         4
 Borgnjor's Vile Clutch   Necr/Erth      0%         N/A       99%         5
 Freezing Cloud           Conj/Ice/Air   0%         6-21      99%         5
 Summon Forest            Summ/Tloc      0%         N/A       99%         5
 Death Channel            Necr           0%         N/A       100%        6
 Simulacrum               Ice/Necr       0%         N/A       100%        6


Dungeon Overview and Level Annotations

Branches:
Dungeon (8/15)             Temple (1/1) D:5
   Lair: D:8-11

Altars:
Cheibriados
Dithmenos
Elyvilon
Fedhas
Hepliaklqana
Kikubaaqudgha
Makhleb
Nemelex Xobeh
Qazlal
Sif Muna
Trog
Uskayaw
Vehumet
Wu Jian
Xom
Zin
The Shining One

Shops:
D:1 (   D:2 *

Annotations:
D:3 1 runed translucent door, unlimited1921's ghost, amateur DjFE


Innate Abilities, Weirdness & Mutations

One of your tentacles has grown a beastly spike.
You cannot wear most types of armour.
You are amphibious.
You can wear up to eight rings at the same time.
Your skin changes colour to match your surroundings (Stealth+).
Your rubbery body absorbs attacks. (AC +1, EV +1)
((You are camouflaged when in or above water. (Stealth+)))
You have tentacles for arms and can constrict up to eight enemies at once.


Message History

You barely miss the ogre.
You pierce the ogre, but do no damage.
The ogre is severely wounded.
Unknown command.
You bludgeon the ogre!
You kill the ogre!
Kikubaaqudgha accepts your kill.
Your Transmutations skill increases to level 6!
You tentacle-slap something.
Your tentacle spike misses something.
A sky beast appears from thin air!
Reactivating autopickup.
The sky beast misses you.
You tentacle-slap the sky beast. You squeeze the sky beast.
The sky beast is moderately wounded.
The sky beast flickers out of sight!
Deactivating autopickup; reactivate with Ctrl-A.
Something hits you. Something shocks you.
* * * LOW HITPOINT WARNING * * *
You tentacle-slap something but do no damage.
Your tentacle spike misses something.
The sentinel's mark upon you fades away.
Something hits you.
* * * LOW HITPOINT WARNING * * *
Something shocks you.
* * * LOW HITPOINT WARNING * * *
You miss something.
Your tentacle-slap misses something.
Your squeeze misses something. Something hits you.
* * * LOW HITPOINT WARNING * * *
Something shocks you.
* * * LOW HITPOINT WARNING * * *
You miss something.
You pierce something.
Your tentacle-slap misses something.
Unknown command.
You tentacle-slap something.
Your tentacle spike misses something.
Your tentacle-slap misses something.
Your squeeze misses something. Something barely misses you.
You tentacle-slap something.
Your tentacle spike misses something.
Something hits you.
* * * LOW HITPOINT WARNING * * *
Something shocks you.
You die...
Kikubaaqudgha rasps: "You have failed me!
Welcome... death!"

############# ..#.......##
##.....#.....###.$........#
##.............##..........#
#...............##.........#
#...............##.........##.$
#...............##............
#.>.............# #.......#
#...............####..../####.
#...............@{)............
##..........>..########........
##.....#.....## ....###..
############# ###.:. . ##...
#.. ##


There were no monsters in sight!

Vanquished Creatures
  3 ogres
  2 centaurs (D:5)
  2 necrophages (D:7)
  A scorpion (D:4)
  3 killer bees (D:7)
  2 hounds (D:5)
  A jelly (D:5)
  2 orc priests
  A gnoll bouda (D:5)
  3 iguanas
  4 orc wizards
  5 gnolls (D:5)
  4 adders
  A shadow imp (D:7)
  2 white imps (D:7)
  3 worms
  3 dart slugs
  15 orcs
  3 ball pythons
  4 bats
  6 endoplasms
  2 giant cockroaches
  2 hobgoblins
  4 jackals (D:4)
  8 kobolds
  5 quokkas
  A frilled lizard (D:1)
  10 goblins
  5 rats
107 creatures vanquished.

Notes
Turn   | Place    | Note
-------+----------+-------------------------------------------
     0 | D:1      | cdecastro the Octopode Transmuter began the quest for the
                  | Orb.
     0 | D:1      | Reached XP level 1. HP: 13/13 MP: 3/3
   265 | D:1      | Found Xouma's Antique Weapon Shoppe.
   501 | D:1      | Reached XP level 2. HP: 18/18 MP: 5/5
   820 | D:1      | Found a faded altar of an unknown god.
   826 | D:1      | Prayed at the altar of an unknown god.
   826 | D:1      | Became a worshipper of Kikubaaqudgha
   826 | D:1      | Reached * piety under Kikubaaqudgha
   826 | D:1      | Received a gift from Kikubaaqudgha
  1026 | D:1      | Reached XP level 3. HP: 17/23 MP: 4/6
  1189 | D:2      | Found Zioffuam's General Store.
  1268 | D:2      | Bought a potion of heal wounds for 60 gold pieces
  1389 | D:2      | Reached skill level 4 in Unarmed Combat
  1413 | D:1      | Learned a level 2 spell: Wereblood
  1417 | D:1      | Learned a level 3 spell: Spider Form
  1584 | D:2      | Reached XP level 4. HP: 17/28 MP: 5/7
  1911 | D:3      | Identified the +0 ring mail "Hieseat" {rElec Str+4 Dex-2}
  2239 | D:3      | Found a runed translucent door.
  2251 | D:3      | Noticed unlimited1921's ghost (amateur DjFE)
  2481 | D:3      | Reached XP level 5. HP: 31/33 MP: 6/8
  2849 | D:4      | Noticed an ogre
  2858 | D:4      | Killed an ogre
  2859 | D:4      | Reached skill level 5 in Unarmed Combat
  2901 | D:4      | Got the Teachings on the Map
  3006 | D:4      | Reached XP level 6. HP: 29/38 MP: 5/9
  3012 | D:4      | Reached ** piety under Kikubaaqudgha
  3409 | D:4      | Reached skill level 6 in Unarmed Combat
  3739 | D:4      | Reached XP level 7. HP: 43/43 MP: 10/10
  3824 | D:5      | Entered Level 5 of the Dungeon
  4037 | D:5      | Found a staircase to the Ecumenical Temple.
  4061 | D:5      | Reached skill level 7 in Unarmed Combat
  4077 | Temple   | Entered the Ecumenical Temple
  4465 | D:5      | Reached skill level 5 in Transmutations
  4593 | D:5      | Identified the +0 robe of Qishoet {rF++ Regen+ Dex-4
                  | Stlth+}
  4697 | D:5      | Found an ornate altar of the Wu Jian Council.
  4940 | D:5      | Reached XP level 8. HP: 43/48 MP: 11/11
  5001 | D:5      | You fall into a shaft and drop 3 floors!
  5110 | D:7      | Reached skill level 8 in Unarmed Combat
  5133 | D:7      | Reached *** piety under Kikubaaqudgha
  5133 | D:7      | Received a gift from Kikubaaqudgha
  5338 | D:7      | Slain by a sky beast

Illustrated notes

Levels and vault maps discovered:
D:1:      ncdulo_wetmaze, layout_basic, serial_shops, nicolae_lakefront_shop,
          dreamdust_ecumenical_altar_statues
D:2:      layout_rooms, serial_shops, nicolae_shop_trees,
          minmay_misc_feat_ornament
D:3:      layout_loops_ring, ebering_ghost_reflecting_pool
D:4:      layout_basic
D:5:      layout_loops_corners, mainiacjoe_overflow_24_doors,
          kennysheep_little_box, minmay_temple_entry_mist
D:7:      layout_rooms, serial_shops, nicolae_shop_hallway_plus,
          kennysheep_mini_moat, nicolae_diamond_shop, nicolae_shop_crystal
D:8:      layout_loops_ring, kennysheep_small_spiral, uniq_maggie
Temple:   regret_index_temple_waves

Skill      XL: |  1  2  3  4  5  6  7  8 |
---------------+-------------------------+-----
Unarmed Combat | 4 5 6 7 8 |  8.8
Transmutations | 3 4 5 6 |  6.0
Fighting       | |  1.0
Dodging        | |  2.0
Spellcasting   | |  2.0

Action                   |  1- 3 |  4- 6 |  7- 9 || total
-------------------------+-------+-------+-------++-------
Melee: Unarmed           |    68 |    88 |   123 ||   279
       Constrict         |    16 |    19 |    17 ||    52
       Tentacles         |    14 |    22 |    30 ||    66
       Kick              |     7 |    27 |    29 ||    63
       Punch             |     2 |     3 |     7 ||    12
Throw: Dart              |       |     1 |       ||     1
 Cast: Beastly Appendage |     4 |    14 |     8 ||    26
       Wereblood         |       |     1 |     1 ||     2
       Spider Form       |       |       |     1 ||     1
  Use: Potion            |       |       |     1 ||     1
 Stab: Sleeping          |     6 |     2 |     1 ||     9
       Invisible         |       |     1 |       ||     1
Armor: Skin              |     5 |     1 |    27 ||    33
Dodge: Dodged            |    44 |    45 |    91 ||   180
